Selects Luftwaffe Battlegroup
Selects Luftwaffe Pioneer Support
Selects Luftwaffe Pioneer Support
Fallschirmpioneer Squad Paradrop
Construct Infanterie Kompanie
Fallschirmpioneer Squad Paradrop
Construct Luftwaffe Kompanie
Selects Stuka Strafing Run
Selects Fallschirmjäger Squad Paradrop
Fallschirmjäger Squad Paradrop
Flak 30 Anti-aircraft Gun Team
Marder III M Tank Destroyer
Selects LG40 Recoilless Gun Paradrop
Selects Flak 36 Anti-tank Gun Emplacement
Fallschirmjäger Squad Paradrop
Fallschirmjäger Squad Paradrop
Fallschirmjäger Squad Paradrop